 Dungeon Crawl Stone Soup version 0.29-a0-341-g24ffce5b50 (webtiles) character file.

Game seed: 7558108806375626281

91 spaghetti the Sneak (level 4, -1/42 HPs)
             Began as a Naga Delver on Apr 20, 2022.
             Slain by a hound (2 damage)
             ... on level 5 of the Dungeon.
             The game lasted 00:01:23 (240 turns).

spaghetti the Sneak (Naga Delver)                    Turns: 240, Time: 00:01:24

Health: -1/42      AC:  2    Str: 14    XL:     4   Next: 59%
Magic:  4/4        EV:  9    Int: 13    God:
Gold:   0          SH:  0    Dex: 12    Spells: 3/3 levels left

rFire   . . .      SeeInvis +   a - +0 mace {mace}
rCold   . . .      Faith    .   (no shield)
rNeg    . . .      Spirit   .   b - +0 leather armour
rPois   +          Reflect  .   (no helmet)
rElec   .          Harm     .   (no cloak)
rCorr   .          Rampage  .   (no gloves)
Will    .....                   (no barding)
Stlth   +++.......              (no amulet)
HPRegen 0.14/turn               (no ring)
MPRegen 0.09/turn               (no ring)

@: short of breath, very slow
A: AC +1, large, see invisible, deformed body, poison resistance, slowness 2,
spit poison 1, naga tail 1
a: Spit Poison


You were on level 5 of the Dungeon.
You visited 1 branch of the dungeon, and saw 2 of its levels.


Innate Abilities, Weirdness & Mutations

Your serpentine skin is tough. (AC +1)
You have supernaturally acute eyesight. (SInv)
Armour fits poorly on your strangely shaped body.
Your system is resistant to poisons. (rPois)
You cover ground very slowly.
You can spit poison.
You have a snake-like lower body.


   Skills:
 - Level 3.0 Fighting
 - Level 2.0 Maces & Flails
 + Level 3.7 Throwing
 - Level 1.5 Dodging
 - Level 7.2 Stealth


You had 3 spell levels left.
You didn't know any spells.
Your spell library was empty.

Inventory:

Hand Weapons
 a - a +0 mace (weapon) {mace}
Armour
 b - a +0 leather armour (worn)
Wands
 g - a wand of digging (3)
Scrolls
 c - a scroll of fog
 d - a scroll of magic mapping {!r}

Dungeon Overview and Level Annotations

Branches:
Dungeon (6/15)
 Temple: D:4-7

Altars:

#########
#@......#
#>h.....#
#.......#
#.......#
####.##รท.##
##.##.##..##
#..........#
#..........#
#..........+


You could see a hound (poisoned).


Message History

The splash of poison misses the hound.
The splash of poison hits the hound.
The hound is poisoned.
The hound bites you.
* * * LOW HITPOINT WARNING * * *
๐Ÿ˜จ HP[-1]
You take 1 damage, and now have 9/34 hp.
Okay, then.
As you read the scroll of fear, it crumbles to dust.
You assume a fearsome visage.
The hound looks frightened! x2 ๐Ÿ˜จ HP[+1]
You have got your breath back.
You kill the hound!
Your Throwing skill increases to level 3!
You have reached level 4!
You feel clever. ๐Ÿ˜จ HP[+2] MP[+1]
You now have 42 max hp (+8).
You regained 2 hp, and now have 12/42 hp.
Your mp is fully restored (4).
Unknown command.
Aiming: Spit Poison (1% risk of failure)
Press: ? - help, Shift-Dir - straight line, f - hound
Aim: a hound (fleeing, 45% to hit)
The splash of poison hits the hound.
The hound is poisoned.
Your attack snaps the hound out of its fear.
Cornered, the hound turns to fight! ๐Ÿ˜จ HP[+1]
There is a stone staircase leading down here.
Okay, then.
You aren't carrying any potions.
Okay, then.
You closely miss the hound.
You have got your breath back.
The hound closely misses you.
Aiming: Spit Poison (1% risk of failure)
Press: ? - help, Shift-Dir - straight line, f/p - hound
Aim: a hound (moderately wounded, poisoned, 45% to hit)
The splash of poison misses the hound.
The hound closely misses you.
You hit the hound. The hound bites you but does no damage. The hound bites you.
* * * LOW HITPOINT WARNING * * *
๐Ÿ˜จ HP[-1]
You take 1 damage, and now have 12/42 hp.
You completely miss the hound. The hound bites you but does no damage.
You barely miss the hound. Your punch misses the hound.
The hound looks more healthy.
The hound closely misses you. ๐Ÿ˜จ HP[+1]
You hit the hound but do no damage. The hound closely misses you.
You hit the hound but do no damage. Your punch misses the hound.
The hound bites you.
* * * LOW HITPOINT WARNING * * *
The hound barely misses you. ๐Ÿ˜จ HP[-1]
You take 1 damage, and now have 12/42 hp.
You sock the hound!
You kill the hound!
You start resting.
You have got your breath back.
A hound is nearby! ๐Ÿ˜จ HP[+1]
Aiming: Spit Poison (1% risk of failure)
Press: ? - help, Shift-Dir - straight line, f - you
Okay, then.
Unknown command.
You start resting.
A hound is nearby! ๐Ÿ˜จ HP[+1]
Aiming: Spit Poison (1% risk of failure)
Press: ? - help, Shift-Dir - straight line, f - hound
Aim: a hound (wandering, hasn't noticed you, 45% to hit)
The splash of poison hits the hound.
The hound is poisoned.
The hound barks!
Your extra speed is starting to run out.
You barely miss the hound. You punch the hound. The hound bites you.
* * * LOW HITPOINT WARNING * * *
๐Ÿ˜ฑ HP[-5]
You take 5 damage, and now have 9/42 hp.
You barely miss the hound. The hound closely misses you.
You hit the hound. The hound bites you.
* * * LOW HITPOINT WARNING * * *
๐Ÿ˜ฑ HP[-5]
You take 5 damage, and now have 4/42 hp.
You closely miss the hound.
You have got your breath back.
The hound looks more healthy.
The hound bites you but does no damage. ๐Ÿ˜ฑ HP[+1]
Aiming: Spit Poison (1% risk of failure)
Press: ? - help, Shift-Dir - straight line, f/p - hound
Aim: a hound (almost dead, 45% to hit)
The splash of poison hits the hound.
The hound is poisoned.
The hound barely misses you.
You barely miss the hound.
You feel yourself slow down. The hound bites you.
* * * LOW HITPOINT WARNING * * *
The hound bites you.
* * * LOW HITPOINT WARNING * * *
๐Ÿ˜ฑ HP[-4]
You take 4 damage, and now have 1/42 hp.
Unknown command.
You closely miss the hound. The hound closely misses you. The hound bites you.
You die...

Skill      XL: |  1  2  3 |
---------------+----------+-----
Throwing       | 2 3 |  3.7
Fighting       | |  3.0
Maces & Flails | |  2.0
Dodging        | |  1.5
Stealth        | |  7.2

Action                   |  1- 3 |  4- 6 || total
-------------------------+-------+-------++-------
Melee: Mace              |     2 |    13 ||    15
       Punch             |       |     1 ||     1
 Abil: Spit Poison       |     6 |     4 ||    10
  Use: Scroll            |     1 |       ||     1
       Potion            |     1 |       ||     1
Armor: Leather armour    |     4 |     3 ||     7
Dodge: Dodged            |    16 |     8 ||    24

Levels and vault maps discovered:
D:5:      layout_gridville, chequers_avenue, guppyfry_shop_venom
D:6:      layout_rooms, minmay_temple_entry_glass, serial_glass,
          glass_columns_a, glass_columns_a, due_unseen_surprise

Notes
Turn   | Place    | Note
-------+----------+-------------------------------------------
     0 | D:5      | spaghetti the Naga Delver began the quest for the Orb.
     0 | D:5      | Reached XP level 1. HP: 21/21 MP: 1/1
     0 | D:5      | magus.rc [v1.9.6]
    11 | D:5      | Noticed a hound
    13 | D:5      | Noticed a hound
    14 | D:5      | Noticed a hound
    14 | D:5      | Noticed a hound
    24 | D:5      | Killed a hound
    25 | D:5      | Reached skill level 2 in Throwing
    25 | D:5      | Reached XP level 2. HP: 15/28 MP: 2/2
    25 | D:5      | Reached XP level 3. HP: 18/34 MP: 3/3
    29 | D:6      | Noticed an ogre
   199 | D:5      | Reached skill level 3 in Throwing
   199 | D:5      | Reached XP level 4. HP: 12/42 MP: 4/4
   234 | D:5      | HP: 9/42 [hound (5)]
   236 | D:5      | HP: 4/42 [hound (5)]
   239 | D:5      | HP: 1/42 [hound (1)]
   240 | D:5      | Slain by a hound

Vanquished Creatures
  3 hounds (D:5)
3 creatures vanquished.

Table legend:
 A = Non-vault XP
 B = Vault XP
 C = Vault XP percentage of total XP
 D = Non-vault monster count
 E = Vault monster count
 F = Vault count percentage of total count
                 A         B        C        D         E       F
            +---------+---------+-------+---------+---------+-------
      Total |     131 |       0 |   0.0 |       3 |       0 |   0.0
            +---------+---------+-------+---------+---------+-------
        D:5 |     131 |       0 |   0.0 |       3 |       0 |   0.0
            +---------+---------+-------+---------+---------+-------

Illustrated notes

Table legend:
 A = Kills in this place as a percentage of kills in entire the game.
 B = Kills by you in this place as a percentage of kills by you in the entire game.
 C = Kills by friends in this place as a percentage of kills by friends in the entire game.
 D = Other kills in this place as a percentage of other kills in the entire game.
 E = Experience gained in this place as a percentage of experience gained in the entire game.
 F = Experience gained in this place divided by the number of levels of this place that you have seen.
                   A       B       C       D       E      F
               +-------+-------+-------+-------+-------+----------------------
         Total | 100.0 | 100.0 |   N/A |   N/A | 100.0 |  65.5
       Dungeon | 100.0 | 100.0 |   N/A |   N/A | 100.0 |  65.5
               +-------+-------+-------+-------+-------+----------------------

Table legend: (Time is in decaauts)
 A = Elapsed time spent in this place.
 B = Non-inter-level travel time spent in this place.
 C = Inter-level travel time spent in this place.
 D = Time resting spent in this place.
 E = Time spent auto-exploring this place.
 F = Levels seen in this place.
 G = Mean time per level.
                   A        B        C        D        E       F      G
               +--------+--------+--------+--------+--------+-----+--------+
         Total |    247 |    247 |      0 |    145 |     30 |   2 |  123.5 |
       Dungeon |    247 |    247 |      0 |    145 |     30 |   2 |  123.5 |
               +--------+--------+--------+--------+--------+-----+--------+

Top non-repeatable levels by time:
     D:6: 140 daAuts
     D:5: 107 daAuts
